 Dungeon Crawl Stone Soup version 0.21.1-35-gfefc1aa2bb (webtiles) character file.

185066 Kirk the Victor of a Thousand Battles (level 18, -3/141 HPs)
             Began as a Gnoll Wanderer on Aug 1, 2018.
             Was the Champion of Okawaru.
             Killed from afar by a halazid warlock (57 damage)
             ... with a ghostly fireball
             ... in the Desolation of Salt.
             The game lasted 02:30:03 (39333 turns).

Kirk the Victor of a Thousand Battles (GnWn)       Turns: 39333, Time: 02:30:03

Health: -3/141     AC: 25    Str: 15    XL:     18   Next: 2%
Magic:  35/37      EV: 22    Int: 25    God:    Okawaru [******]
Gold:   2354       SH: 12    Dex: 24    Spells: 26/40 levels left

rFire    + . .     SeeInvis .   Y - +7 short sword of Battle {speed, rElec Dex+5 Stlth+}
rCold    + . .     Gourm    .   x - +3 buckler {rC+}
rNeg     . . .     Faith    .   O - +3 chain mail of the Ditch-Digger {rPois rF+ Slay+3}
rPois    +         Spirit   .   A - +0 helmet
rElec    +         Reflect  .   e - scarf {cloud immunity}
rCorr    .         Harm     .   X - +2 pair of gloves
MR       +....     Clarity  +   c - +2 pair of boots {Stlth+}
Stlth    ++++++....             h - amulet of magic regeneration
HPRegen  0.33/turn              n - ring of protection from cold
MPRegen  0.50/turn              v - ring "Zuschuxky" {rPois rC- Int+2 Slay+2}

@: agile, heroism, very slightly contaminated, heavily drained
A: distributed training, fangs 1, clarity, high mp 1, poison resistance,
electricity resistance, subdued magic 1, strong nose
}: 1/15 runes: barnacled
a: Heroism, Finesse, Renounce Religion


You were in the Desolation of Salt.
You worshipped Okawaru.
Okawaru was exalted by your worship.
You were not hungry.

You visited 7 branches of the dungeon, and saw 31 of its levels.
You also visited: Sewer, Ossuary, Bailey and Desolation.

You collected 2731 gold pieces.
You spent 377 gold pieces at shops.

Inventory:

Hand Weapons
 m - the +9 mace of Fortitude {flame, -Tele rElec Str+3 Int+2}
   (You found it on level 1 of the Shoals)

   It has been specially enchanted to burn those struck by it, causing extra
   injury to most foes and up to half again as much damage against particularly
   susceptible opponents.
   It affects your strength (+3).
   It affects your intelligence (+2).
   It insulates you from electricity.
   It prevents most forms of teleportation.
 I - a +0 blowgun
 P - the +8 lajatang "Yhaqeuga" {slice, rF+, unknown}
   (Okawaru gifted it to you on level 1 of the Vaults)

   It inflicts extra damage upon your enemies.
   It protects you from fire.
 Y - the +7 short sword of Battle (weapon) {speed, rElec Dex+5 Stlth+}
   (Okawaru gifted it to you on level 3 of the Lair of Beasts)

   Attacks with this weapon are significantly faster.
   It affects your dexterity (+5).
   It insulates you from electricity.
   It makes you more stealthy.
Missiles
 y - 6 curare-tipped needles
 M - 291 bolts
Armour
 c - a +2 pair of boots of stealth (worn)
 e - a scarf of cloud immunity (worn)
 x - a +3 buckler of cold resistance (worn)
 A - a +0 helmet (worn)
 O - the +3 chain mail of the Ditch-Digger (worn) {rPois rF+ Slay+3}
   (You found it on level 1 of the Lair of Beasts)

   It affects your accuracy and damage with ranged weapons and melee attacks
   (+3).
   It protects you from fire.
   It protects you from poison.
 X - a +2 pair of gloves (worn)
Jewellery
 h - an amulet of magic regeneration (around neck)
 n - a ring of protection from cold (left hand)
 v - the ring "Zuschuxky" (right hand) {rPois rC- Int+2 Slay+2}
   (You found it on level 4 of the Dungeon)

   [ring of poison resistance]

   It affects your intelligence (+2).
   It affects your accuracy and damage with ranged weapons and melee attacks
   (+2).
   It makes you vulnerable to cold.
   It protects you from poison.
 B - an uncursed ring of positive energy
 C - an uncursed ring of protection from fire
Wands
 i - a wand of scattershot (8)
 o - a wand of random effects (58)
 p - a wand of digging (41)
 t - a wand of enslavement (12)
 J - a wand of polymorph (9)
Scrolls
 b - 6 scrolls of remove curse
 d - a scroll of blinking
 g - 3 scrolls of amnesia
 q - 5 scrolls of fear
 D - 8 scrolls of teleportation
 G - 7 scrolls of identify
 N - 3 scrolls of fog
Potions
 j - a potion of magic
 k - 8 potions of resistance
 r - 5 potions of flight
 s - 5 potions of brilliance
 u - 2 potions of cancellation
 E - 3 potions of invisibility
 F - 4 potions of curing
 K - 2 potions of heal wounds
 L - a potion of might
 R - a potion of agility
 S - 2 potions of ambrosia
 U - 3 potions of haste
Miscellaneous
 a - a lightning rod (4/4)
 l - a fan of gales (inert)
 w - a phial of floods (inert)
 T - a lamp of fire (inert)
 V - a phantom mirror
Comestibles
 f - 36 rations


   Skills:
 + Level 12.3(15.0) Fighting
 + Level 11.6(14.3) Short Blades
 + Level 11.6(14.3) Long Blades
 + Level 11.8(14.5) Axes
 + Level 11.6(14.3) Maces & Flails
 + Level 11.6(14.3) Polearms
 + Level 11.6(14.3) Staves
 + Level 11.6(14.3) Slings
 + Level 11.6(14.3) Bows
 + Level 11.6(14.3) Crossbows
 + Level 11.6(14.3) Throwing
 + Level 12.3(15.0) Armour
 + Level 11.6(14.3) Dodging
 + Level 11.6(14.3) Stealth
 + Level 11.8(14.5) Shields
 + Level 11.6(14.3) Unarmed Combat
 + Level 11.9(9.8) Spellcasting
 + Level 9.9(7.9) Conjurations
 + Level 9.9(7.9) Hexes
 + Level 9.9(7.9) Charms
 + Level 9.9(7.9) Summonings
 + Level 10.1(8.2) Necromancy
 + Level 9.9(7.9) Translocations
 + Level 9.9(7.9) Transmutations
 + Level 9.9(7.9) Fire Magic
 + Level 9.9(7.9) Ice Magic
 + Level 9.9(7.9) Air Magic
 + Level 10.1(8.2) Earth Magic
 + Level 9.9(7.9) Poison Magic
 + Level 12.5(10.4) Invocations
 + Level 11.8(9.8) Evocations


You had 26 spell levels left.
You knew the following spells:

 Your Spells              Type           Power        Failure   Level  Hunger
a - Sandblast             Erth           #####.       1%          1    None
b - Passwall              Tmut/Erth      #####.....   1%          2    None
c - Stone Arrow           Conj/Erth      #####.       3%          3    None
d - Blink                 Tloc           N/A          1%          2    None
e - Conjure Flame         Conj/Fire      #####...     3%          3    None
f - Mephitic Cloud        Conj/Pois/Air  #####...     3%          3    None


Dungeon Overview and Level Annotations

Branches:
Dungeon (15/15)            Temple (1/1) D:5            Lair (6/6) D:8
 Shoals (4/4) Lair:2        Snake (2/4) Lair:4          Orc (2/2) D:12
    Elf (0/3) Orc:2        Vaults (1/5) D:14         Depths (0/5) D:15
  Slime: Lair:5-6

Altars:
Ashenzari
Cheibriados
Dithmenos
Elyvilon
Fedhas
Gozag
Hepliaklqana
Kikubaaqudgha
Makhleb
Nemelex Xobeh
Okawaru
Qazlal
Ru
Sif Muna
Trog
Uskayaw
Vehumet
Wu Jian
Xom
Zin
The Shining One

Shops:
D:11 =   Orc:1 %   Orc:2 (=**

Annotations:
D:2 Robin
D:4 Natasha; exaltech's ghost, amateur GrVM
D:6 exclusions: ogre and 1 more exclusion, Sigmund
D:13 exclusion: obsidian statue
Lair:6 exclusion: oklob plant
Shoals:4 Ilsuiw
Snake:2 Aizul


Innate Abilities, Weirdness & Mutations

Your experience applies equally to all skills.
You have very sharp teeth.
Your uncanny sense of smell can sniff out nearby items.
You possess an exceptional clarity of mind.
You have an increased reservoir of magic. (+10% MP)
Your system is resistant to poisons. (rPois)
You are resistant to electric shocks. (rElec)
Your spells are a little easier to cast, but a little less powerful.


Message History

The guardian serpent casts a spell.
The saltling blinks into view!
The ragged hierophant blinks!
The servant of whispers blinks into view!
The saltling blinks into view!
The peacekeeper blinks into view!
The servant of whispers blinks!
The saltling blinks!
The saltling blinks into view!
You block the saltling's attack.
The ragged hierophant gestures wildly while chanting.
The ragged hierophant begins to accept its allies' injuries.
You block the saltling's attack.
The peacekeeper bites you but does no damage.
The peacekeeper completely misses you. The saltling completely misses you.
You block the saltling's attack.
The servant of whispers closely misses you.
The guardian serpent gestures with its tail.
The saltling barely misses you.
The servant of whispers hits you but does no damage.
The halazid warlock casts a spell at the saltling.
The saltling's animating energy erupts into ghostly fire!
The ghostly flame explodes!
The ghostly fireball engulfs you!
You feel drained.
You die...

.....#.....................
.....#.....................
.................#........p
.........................#
8.......................##.
............∩.∩............
...........................
.............8pp...........
.............8@8...........
p............p8............
..........##...............
...........#...............
...............≈.......8...
.......≈Sp..........
.......≈≈≈p.........
......≈≈L8§8.......
......≈≈#≈.........


You could see a ragged hierophant, 3 servants of whispers, a halazid warlock, an
ironbrand convoker, a peacekeeper, a guardian serpent and 5 saltlings.

Vanquished Creatures
  A frost giant (D:15)
  A vault warden (Vaults:1)
  An orc warlord (Bailey)
  An ironheart preserver (Vaults:1)
  The ghost of Arth the Carver, a journeyman DsGl of Okawaru (Orc:2)
  A dire elephant (Lair:6)
  The ghost of Pieper the Cleaver, a journeyman GrFi of Okawaru (Lair:3)
  4 merfolk javelineers
  2 merfolk impalers (Shoals:4)
  11 vault guards
  4 merfolk avatars
  6 hydras
  3 naga warriors
  A catoblepas (D:13)
  3 centaur warriors
  3 anacondas
  4 ogre magi (Orc:2)
  14 two-headed ogres
  A death knight (Vaults:1)
  6 death yaks (Lair:5)
  An orc high priest (Orc:2)
  2 naga sharpshooters
  2 shock serpents
  An unseen horror (D:12)
  5 skeletal warriors
  10 sea snakes
  23 harpies
  2 naga ritualists
  2 phantasmal warriors (Vaults:1)
  An orc knight (Orc:2)
  3 mana vipers (Snake:2)
  6 ugly things
  An orc sorcerer (Orc:2)
  5 cyclopes
  2 deep elf magi (D:15)
  14 manticores
  3 salamanders (Snake:1)
  10 fauns
  7 elephants
  23 black mambas
  8 merfolk sirens
  A vault sentinel (Vaults:1)
  3 naga magi
  A gargoyle (D:14)
  3 water nymphs
  A torpor snail (Lair:3)
  A guardian serpent (Snake:1)
  12 spiny frogs
  4 rime drakes
  A yaktaur (D:15)
  10 komodo dragons
  A freezing wraith (Vaults:1)
  A wolf spider simulacrum (D:15)
  17 merfolk
  2 wind drakes (Shoals:1)
  A hornet (Lair:6)
  6 polar bears
  9 trolls
  5 meliai
  11 slime creatures
  10 blink frogs
  5 snapping turtles
  11 hippogriffs
  11 dream sheep
  A centaur simulacrum (D:14)
  A spriggan (shapeshifter) (D:15)
  6 water elementals
  44 yaks
  5 wyverns
  A wraith (D:15)
  Menkaure (Ossuary)
  4 basilisks
  A warg (Orc:1)
  11 nagas
  2 acid dragons (D:15)
  15 water moccasins
  5 porcupines
  4 black bears
  2 sky beasts
  2 necrophages
  25 orc warriors
  4 ice beasts
  5 wolves (Lair:3)
  30 ogres
  A boggart (D:14)
  17 centaurs
  17 crocodiles
  3 big kobolds
  15 bullfrogs
  A gnoll sergeant (D:7)
  4 scorpions
  3 killer bees (D:10)
  3 electric eels (Lair:5)
  2 howler monkeys
  2 centaur zombies (D:10)
  8 crimson imps
  3 bullfrog zombies
  3 hounds
  15 orc priests
  3 jellies
  23 orc wizards
  A bullfrog skeleton (D:11)
  4 centaur skeletons
  5 worker ants
  3 iguanas (D:8)
  2 killer bee zombies
  3 hound zombies
  2 hound skeletons
  4 mummies
  A howler monkey zombie (D:9)
  3 worker ant zombies
  13 adders
  6 gnolls
  A river rat (Sewer)
  6 shadow imps
  An adder zombie (D:5)
  An adder skeleton (D:6)
  3 worms
  A dart slug (D:2)
  7 leopard geckos
  72 orcs
  10 bats
  4 giant cockroaches
  4 gnoll zombies (Ossuary)
  13 goblins
  14 hobgoblins
  20 jackals
  40 kobolds
  2 quokkas
  3 ball pythons
  4 frilled lizards
  2 gnoll skeletons (Ossuary)
  3 goblin skeletons (Ossuary)
  4 goblin zombies (Ossuary)
  2 hobgoblin skeletons (Ossuary)
  4 hobgoblin zombies (Ossuary)
  A kobold skeleton (Ossuary)
  4 kobold zombies (Ossuary)
  A leopard gecko zombie (D:5)
  2 orc skeletons (Ossuary)
  An orc zombie (Ossuary)
  7 rats
  A rat skeleton (Ossuary)
  A rat zombie (Ossuary)
905 creatures vanquished.

Vanquished Creatures (others)
  A merfolk (Shoals:1)
  2 saltlings (Desolation)
  2 gnoll skeletons (Ossuary)
  A gnoll zombie (Ossuary)
  3 goblin skeletons (Ossuary)
  3 goblin zombies (Ossuary)
  2 hobgoblin skeletons (Ossuary)
  2 kobold skeletons (Ossuary)
  3 orc skeletons (Ossuary)
  An orc zombie (Ossuary)
  2 rat skeletons (Ossuary)
  2 rat zombies (Ossuary)
  32 fungi
  21 plants
77 creatures vanquished.

Grand Total: 982 creatures vanquished

Notes
Turn   | Place    | Note
-------+----------+-------------------------------------------
     0 | D:1      | Kirk the Gnoll Wanderer began the quest for the Orb.
     0 | D:1      | Kirk set off with: a book of Geomancy, a +0 hand axe, a potion of lignification, a +0 robe, a ration
     0 | D:1      | Reached XP level 1. HP: 20/20 MP: 4/4
   113 | D:1      | Reached XP level 2. HP: 15/26 MP: 5/5
  1111 | D:1      | Reached XP level 3. HP: 31/31 MP: 7/7
  1452 | D:2      | Reached skill level 1 in Invocations
  1863 | D:2      | Reached skill level 1 in Short Blades
  1863 | D:2      | Reached skill level 1 in Long Blades
  1863 | D:2      | Reached skill level 1 in Maces & Flails
  1863 | D:2      | Reached skill level 1 in Polearms
  1863 | D:2      | Reached skill level 1 in Staves
  1863 | D:2      | Reached skill level 1 in Slings
  1863 | D:2      | Reached skill level 1 in Bows
  1863 | D:2      | Reached skill level 1 in Crossbows
  1863 | D:2      | Reached skill level 1 in Throwing
  1863 | D:2      | Reached skill level 1 in Dodging
  1863 | D:2      | Reached skill level 1 in Stealth
  1863 | D:2      | Reached skill level 1 in Unarmed Combat
  1863 | D:2      | Reached XP level 4. HP: 20/38 MP: 8/8
  2284 | D:2      | Reached skill level 1 in Conjurations
  2284 | D:2      | Reached skill level 1 in Hexes
  2284 | D:2      | Reached skill level 1 in Charms
  2284 | D:2      | Reached skill level 1 in Summonings
  2284 | D:2      | Reached skill level 1 in Translocations
  2284 | D:2      | Reached skill level 1 in Transmutations
  2284 | D:2      | Reached skill level 1 in Fire Magic
  2284 | D:2      | Reached skill level 1 in Ice Magic
  2284 | D:2      | Reached skill level 1 in Air Magic
  2284 | D:2      | Reached skill level 1 in Poison Magic
  2379 | D:2      | Noticed Robin
  2743 | D:2      | Learned a level 1 spell: Sandblast
  2746 | D:2      | Learned a level 2 spell: Passwall
  3196 | D:2      | Reached XP level 5. HP: 27/43 MP: 9/9
  3356 | D:3      | Found a sparkling altar of Nemelex Xobeh.
  3852 | D:3      | You fall through a shaft!
  4077 | D:4      | Got a flickering bronze ring
  4081 | D:4      | Identified the ring "Zuschuxky" {rPois rC- Int+2 Slay+2} (You found it on level 4 of the Dungeon)
  4086 | D:4      | Learned a level 3 spell: Stone Arrow
  4816 | D:4      | Reached XP level 6. HP: 21/50 MP: 1/10
  4964 | D:4      | Found an iron altar of Okawaru.
  4999 | D:4      | Noticed Natasha
  5369 | D:5      | Entered Level 5 of the Dungeon
  5468 | D:5      | Noticed an ice beast
  5557 | D:5      | Reached skill level 5 in Fighting
  5557 | D:5      | Reached skill level 5 in Armour
  5999 | D:5      | Reached XP level 7. HP: 51/56 MP: 10/12
  6352 | D:5      | Found a shimmering altar of Xom.
  6391 | D:5      | Found a deep blue altar of Sif Muna.
  6468 | D:5      | Found a staircase to the Ecumenical Temple.
  6664 | D:5      | Reached XP level 8. HP: 63/63 MP: 2/14
  6722 | D:6      | Found a glowing drain.
  6744 | Sewer    | Entered a sewer
  6895 | Sewer    | Found a white marble altar of Elyvilon.
  6982 | D:6      | Found a sand-covered staircase.
  6988 | Ossuary  | Entered an ossuary
  7479 | Ossuary  | Noticed Menkaure
  7488 | Ossuary  | Killed Menkaure
  7848 | Temple   | Entered the Ecumenical Temple
  7921 | D:4      | Became a worshipper of Warmaster Okawaru
  7927 | D:4      | Noticed exaltech's ghost (amateur GrVM)
  8028 | D:6      | Found a sacrificial altar of Ru.
  8151 | D:6      | Noticed Sigmund
  8987 | D:7      | Reached XP level 9. HP: 46/69 MP: 1/16
  9132 | D:7      | Found a hide-covered altar of Uskayaw.
  9133 | D:7      | Found a radiant altar of Vehumet.
  9192 | D:7      | Found a bloodstained altar of Trog.
  9440 | D:8      | Reached skill level 5 in Spellcasting
  9461 | D:7      | Reached * piety under Okawaru
  9659 | D:8      | Reached skill level 5 in Axes
  9659 | D:8      | Reached skill level 5 in Shields
  9659 | D:8      | Reached skill level 5 in Evocations
 10030 | D:8      | Found a staircase to the Lair.
 10209 | D:8      | Reached skill level 5 in Invocations
 10447 | D:8      | Found a hazy altar of Hepliaklqana.
 10562 | D:9      | Noticed a two-headed ogre
 10888 | D:9      | Found a blossoming altar of Fedhas.
 10916 | D:9      | Reached ** piety under Okawaru
 11008 | D:9      | Noticed a two-headed ogre
 11035 | D:9      | Killed a two-headed ogre
 11035 | D:9      | Reached *** piety under Okawaru
 11035 | D:9      | Reached XP level 10. HP: 65/77 MP: 6/18
 11541 | D:10     | Entered Level 10 of the Dungeon
 11549 | D:10     | Learned a level 2 spell: Blink
 11553 | D:10     | Learned a level 3 spell: Conjure Flame
 11557 | D:10     | Learned a level 3 spell: Mephitic Cloud
 11605 | D:10     | Reached skill level 5 in Short Blades
 11605 | D:10     | Reached skill level 5 in Long Blades
 11605 | D:10     | Reached skill level 5 in Maces & Flails
 11605 | D:10     | Reached skill level 5 in Polearms
 11605 | D:10     | Reached skill level 5 in Staves
 11605 | D:10     | Reached skill level 5 in Slings
 11605 | D:10     | Reached skill level 5 in Bows
 11605 | D:10     | Reached skill level 5 in Crossbows
 11605 | D:10     | Reached skill level 5 in Throwing
 11605 | D:10     | Reached skill level 5 in Dodging
 11605 | D:10     | Reached skill level 5 in Stealth
 11605 | D:10     | Reached skill level 5 in Unarmed Combat
 12015 | D:10     | Noticed a two-headed ogre
 12191 | D:10     | Reached **** piety under Okawaru
 12393 | D:10     | Noticed a two-headed ogre
 12468 | Lair:1   | Entered Level 1 of the Lair of Beasts
 12468 | Lair:1   | Noticed a black mamba
 12468 | Lair:1   | Noticed a black mamba
 12475 | Lair:1   | Killed a black mamba
 12475 | Lair:1   | Received a gift from Okawaru
 12475 | Lair:1   | Reached skill level 5 in Necromancy
 12475 | Lair:1   | Reached skill level 5 in Earth Magic
 12483 | Lair:1   | Killed a black mamba
 12761 | Lair:1   | Noticed a spiny frog
 12892 | Lair:1   | Reached ***** piety under Okawaru
 13136 | Lair:1   | Noticed a black mamba
 13146 | Lair:1   | Killed a black mamba
 13146 | Lair:1   | Reached XP level 11. HP: 65/84 MP: 20/20
 13194 | Lair:1   | Received a gift from Okawaru
 13768 | Lair:1   | Reached skill level 5 in Conjurations
 13768 | Lair:1   | Reached skill level 5 in Hexes
 13768 | Lair:1   | Reached skill level 5 in Charms
 13768 | Lair:1   | Reached skill level 5 in Summonings
 13768 | Lair:1   | Reached skill level 5 in Translocations
 13768 | Lair:1   | Reached skill level 5 in Transmutations
 13768 | Lair:1   | Reached skill level 5 in Fire Magic
 13768 | Lair:1   | Reached skill level 5 in Ice Magic
 13768 | Lair:1   | Reached skill level 5 in Air Magic
 13768 | Lair:1   | Reached skill level 5 in Poison Magic
 13978 | Lair:1   | Got a faintly humming chain mail
 14256 | Lair:1   | Identified the +3 chain mail of the Ditch-Digger {rPois rF+ Slay+3} (You found it on level 1 of the Lair of Beasts)
 14483 | Lair:2   | Got a jewelled glaive
 14498 | Lair:2   | Identified the +10 glaive of Absolution {venom, *Slow rF+ rC- Int+9} (You found it on level 2 of the Lair of Beasts)
 14510 | Lair:2   | Noticed a seven-headed hydra
 14609 | Lair:2   | Found a staircase to the Shoals.
 14610 | Lair:2   | Noticed a manticore
 14741 | Lair:2   | Received a gift from Okawaru
 14804 | Lair:2   | Found a frozen archway.
 14937 | Lair:2   | Noticed a six-headed hydra
 15642 | Lair:3   | Noticed Pieper's ghost (journeyman GrFi)
 15719 | Lair:3   | Noticed a four-headed hydra
 15772 | Lair:3   | Received a gift from Okawaru
 15772 | Lair:3   | Reached XP level 12. HP: 93/93 MP: 17/23
 15773 | Lair:3   | Got a transparent short sword {god gift}
 15799 | Lair:3   | Noticed a five-headed hydra
 16155 | D:8      | Identified the +7 short sword of Battle {speed, rElec Dex+5 Stlth+} (Okawaru gifted it to you on level 3 of the Lair of Beasts)
 16162 | D:8      | Gained mutation: You tend to lose your temper in combat. [potion of mutation]
 16162 | D:8      | Gained mutation: Your flesh is cold resistant. (rC+) [potion of mutation]
 16162 | D:8      | Gained mutation: You have an increased reservoir of magic. (+10% MP) [potion of mutation]
 16163 | D:8      | Lost mutation: You tend to lose your temper in combat. [potion of mutation]
 16163 | D:8      | Lost mutation: Your flesh is cold resistant. (rC+) [potion of mutation]
 16163 | D:8      | Gained mutation: Your spells are a little easier to cast, but a little less powerful. [potion of mutation]
 16163 | D:8      | Gained mutation: You are resistant to electric shocks. (rElec) [potion of mutation]
 16163 | D:8      | Gained mutation: Your system is resistant to poisons. (rPois) [potion of mutation]
 16163 | D:8      | Gained mutation: You possess an exceptional clarity of mind. [potion of mutation]
 16246 | D:10     | Killed a two-headed ogre
 16267 | D:10     | Killed a two-headed ogre
 16563 | D:11     | Found Peawuc's Jewellery Shoppe.
 16651 | D:11     | Bought a cursed -2 ring of strength for 22 gold pieces
 16651 | D:11     | Bought a cursed -3 ring of protection for 22 gold pieces
 17203 | D:12     | Found a staircase to the Orcish Mines.
 17226 | D:12     | Found a flagged portal.
 17325 | D:12     | Received a gift from Okawaru
 17453 | D:12     | Got a fine dire flail
 17670 | Bailey   | Entered a bailey
 17700 | Bailey   | Noticed an orc warlord
 17890 | Bailey   | Found a runed gate.
 17890 | Bailey   | Found a runed gate.
 17900 | Bailey   | Found a runed gate.
 18097 | Bailey   | Killed an orc warlord
 18204 | D:12     | Identified a scroll of acquirement
 18285 | D:12     | Noticed an eight-headed hydra
 18351 | D:12     | Identified the +5 dire flail "Huih" {speed, rPois rN+ Stlth+} (You found it on level 12 of the Dungeon)
 18482 | D:12     | Reached XP level 13. HP: 83/101 MP: 27/27
 18937 | Lair:1   | Reached XP level 14. HP: 98/108 MP: 27/29
 19689 | Lair:3   | Killed Pieper's ghost
 19689 | Lair:3   | Received a gift from Okawaru
 20186 | Lair:4   | Found a staircase to the Snake Pit.
 21507 | Lair:5   | Reached skill level 10 in Fighting
 21507 | Lair:5   | Reached skill level 10 in Armour
 22068 | Lair:6   | Entered Level 6 of the Lair of Beasts
 22609 | Lair:6   | Received a gift from Okawaru
 22752 | Lair:6   | Reached ****** piety under Okawaru
 22752 | Lair:6   | Reached skill level 10 in Invocations
 22904 | Lair:6   | Reached XP level 15. HP: 76/115 MP: 31/31
 24424 | Orc:1    | Entered Level 1 of the Orcish Mines
 24626 | Orc:1    | Found Umirekki's Food Emporium.
 24671 | Orc:1    | Received a gift from Okawaru
 24796 | Orc:2    | Entered Level 2 of the Orcish Mines
 25043 | Orc:2    | Noticed Arth's ghost (journeyman DsGl)
 25117 | Orc:2    | Killed Arth's ghost
 25117 | Orc:2    | Reached skill level 10 in Spellcasting
 25413 | Orc:2    | Found a staircase to the Elven Halls.
 25534 | Orc:2    | Reached skill level 10 in Axes
 25534 | Orc:2    | Reached skill level 10 in Shields
 25534 | Orc:2    | Reached skill level 10 in Evocations
 25681 | Orc:2    | Found Faycoank's Antique Weapon Shoppe.
 25826 | Orc:2    | Received a gift from Okawaru
 26209 | Orc:2    | Found Xaunil's Jewellery Boutique.
 26210 | Orc:2    | Found Somolyij's Assorted Antiques.
 26210 | Orc:2    | Found Ehogg's General Store.
 26250 | Orc:2    | Bought a scroll of teleportation for 36 gold pieces
 26250 | Orc:2    | Bought a scroll of teleportation for 36 gold pieces
 26250 | Orc:2    | Bought a potion of curing for 36 gold pieces
 26251 | Orc:2    | Bought a potion of heal wounds for 125 gold pieces
 26251 | Orc:2    | Bought a scroll of teleportation for 75 gold pieces
 26251 | Orc:2    | Bought a scroll labeled MYPOLIOTERCH for 25 gold pieces
 26756 | D:12     | Received a gift from Okawaru
 26756 | D:12     | Reached skill level 10 in Short Blades
 26756 | D:12     | Reached skill level 10 in Long Blades
 26756 | D:12     | Reached skill level 10 in Maces & Flails
 26756 | D:12     | Reached skill level 10 in Polearms
 26756 | D:12     | Reached skill level 10 in Staves
 26756 | D:12     | Reached skill level 10 in Slings
 26756 | D:12     | Reached skill level 10 in Bows
 26756 | D:12     | Reached skill level 10 in Crossbows
 26756 | D:12     | Reached skill level 10 in Throwing
 26756 | D:12     | Reached skill level 10 in Dodging
 26756 | D:12     | Reached skill level 10 in Stealth
 26756 | D:12     | Reached skill level 10 in Unarmed Combat
 27526 | D:13     | Got a heavily runed lead ring
 27528 | D:13     | Identified the cursed ring of Exzeulla {AC-2 Str-4 Dex+9} (You found it on level 13 of the Dungeon)
 27767 | D:13     | Reached XP level 16. HP: 107/125 MP: 33/33
 28531 | D:14     | Found a gate to the Vaults.
 28576 | D:14     | Received a gift from Okawaru
 28594 | D:14     | Received a gift from Okawaru
 29003 | Shoals:1 | Entered Level 1 of the Shoals
 29477 | Shoals:1 | Received a gift from Okawaru
 30108 | Shoals:1 | Found a shadowy altar of Dithmenos.
 30283 | Snake:1  | Entered Level 1 of the Snake Pit
 30490 | Snake:1  | Received a gift from Okawaru
 32198 | Snake:2  | Received a gift from Okawaru
 32842 | Snake:2  | Noticed Aizul
 33262 | Shoals:1 | Got an encrusted mace
 33263 | Shoals:1 | Identified the +9 mace of Fortitude {flame, -Tele rElec Str+3 Int+2} (You found it on level 1 of the Shoals)
 33589 | Shoals:2 | Reached XP level 17. HP: 83/133 MP: 35/35
 34445 | Shoals:2 | Received a gift from Okawaru
 34446 | Shoals:2 | Got a steaming bardiche {god gift}
 34477 | Shoals:1 | Identified the +6 bardiche of Twilight {freeze, rN+} (Okawaru gifted it to you on level 2 of the Shoals)
 36141 | Shoals:4 | Entered Level 4 of the Shoals
 36203 | Shoals:4 | Received a gift from Okawaru
 36983 | Shoals:4 | Noticed Ilsuiw
 37370 | Shoals:4 | Got a barnacled rune of Zot
 37737 | D:15     | Entered Level 15 of the Dungeon
 37807 | D:15     | Reached skill level 10 in Necromancy
 37807 | D:15     | Reached skill level 10 in Earth Magic
 38022 | D:15     | Received a gift from Okawaru
 38249 | D:15     | Found a staircase to the Depths.
 38700 | Vaults:1 | Entered Level 1 of the Vaults
 38821 | Vaults:1 | Received a gift from Okawaru
 38822 | Vaults:1 | Got a polished lajatang {god gift}
 38961 | Vaults:1 | Reached XP level 18. HP: 53/141 MP: 37/37
 39061 | Vaults:1 | Found a ruined gateway.
 39065 | Desolati | Entered the Desolation of Salt
 39333 | Desolati | Killed from afar by a halazid warlock

Skill      XL: |  1  2  3  4  5  6  7  8  9 10 11 12 13 14 15 16 17 |
---------------+----------------------------------------------------+-----
Necromancy     | 2 3 4 5 6 7 8 9 10 | 10.1
Earth Magic    | 2 3 4 5 6 7 8 9 10 | 10.1
Invocations    | 1 2 3 4 5 6 7 8 9 10 11 12 | 12.5
Short Blades   | 1 2 3 4 5 6 7 8 9 10 11 | 11.6
Long Blades    | 1 2 3 4 5 6 7 8 9 10 11 | 11.6
Maces & Flails | 1 2 3 4 5 6 7 8 9 10 11 | 11.6
Polearms       | 1 2 3 4 5 6 7 8 9 10 11 | 11.6
Staves         | 1 2 3 4 5 6 7 8 9 10 11 | 11.6
Slings         | 1 2 3 4 5 6 7 8 9 10 11 | 11.6
Bows           | 1 2 3 4 5 6 7 8 9 10 11 | 11.6
Crossbows      | 1 2 3 4 5 6 7 8 9 10 11 | 11.6
Throwing       | 1 2 3 4 5 6 7 8 9 10 11 | 11.6
Dodging        | 1 2 3 4 5 6 7 8 9 10 11 | 11.6
Stealth        | 1 2 3 4 5 6 7 8 9 10 11 | 11.6
Unarmed Combat | 1 2 3 4 5 6 7 8 9 10 11 | 11.6
Spellcasting   | 3 4 5 6 7 8 9 10 11 | 11.9
Conjurations   | 1 2 3 4 5 6 7 8 9 |  9.9
Hexes          | 1 2 3 4 5 6 7 8 9 |  9.9
Charms         | 1 2 3 4 5 6 7 8 9 |  9.9
Summonings     | 1 2 3 4 5 6 7 8 9 |  9.9
Translocations | 1 2 3 4 5 6 7 8 9 |  9.9
Transmutations | 1 2 3 4 5 6 7 8 9 |  9.9
Fire Magic     | 1 2 3 4 5 6 7 8 9 |  9.9
Ice Magic      | 1 2 3 4 5 6 7 8 9 |  9.9
Air Magic      | 1 2 3 4 5 6 7 8 9 |  9.9
Poison Magic   | 1 2 3 4 5 6 7 8 9 |  9.9
Axes           | 3 4 5 6 7 8 9 10 11 | 11.8
Shields        | 3 4 5 6 7 8 9 10 11 | 11.8
Evocations     | 3 4 5 6 7 8 9 10 11 | 11.8
Fighting       | 5 6 7 8 9 10 11 12 | 12.3
Armour         | 5 6 7 8 9 10 11 12 | 12.3

Action                   |  1- 3 |  4- 6 |  7- 9 | 10-12 | 13-15 | 16-18 || total
-------------------------+-------+-------+-------+-------+-------+-------++-------
Melee: Hand axe          |   129 |   226 |       |       |       |       ||   355
       Bite              |    10 |    26 |    35 |    78 |   265 |   286 ||   700
       Punch             |     1 |     2 |     4 |    10 |     1 |       ||    18
       Dagger            |       |    92 |   300 |       |       |       ||   392
       Spear             |       |       |    79 |   151 |     4 |       ||   234
       Short sword       |       |       |       |   405 |  1458 |  1690 ||  3553
       Dire flail        |       |       |       |       |    51 |     6 ||    57
 Fire: Hunting sling     |       |     2 |    24 |       |       |       ||    26
       Arbalest          |       |       |     4 |       |       |       ||     4
       Shortbow          |       |       |     3 |       |       |       ||     3
       Blowgun           |       |       |       |       |       |     6 ||     6
Throw: Stone             |     3 |    10 |     1 |     2 |       |       ||    16
       Javelin           |       |       |       |    17 |    14 |     1 ||    32
       Tomahawk          |       |       |       |    13 |     3 |       ||    16
 Cast: Sandblast         |       |     5 |     7 |       |       |       ||    12
       Stone Arrow       |       |     6 |   100 |   162 |       |       ||   268
       Blink             |       |       |       |       |     1 |     2 ||     3
       Conjure Flame     |       |       |       |       |     1 |       ||     1
Invok: Heroism           |       |       |       |     1 |    11 |    17 ||    29
       Finesse           |       |       |       |     1 |     5 |     1 ||     7
Evoke: Wand              |       |       |       |     4 |     8 |    16 ||    28
       Lamp of fire      |       |       |       |       |     1 |     1 ||     2
       Fan of gales      |       |       |       |       |       |     1 ||     1
       Phial of floods   |       |       |       |       |       |     1 ||     1
  Use: Potion            |     2 |       |     3 |     7 |     5 |    11 ||    28
       Scroll            |       |     7 |    10 |    18 |     8 |    11 ||    54
 Stab: Sleeping          |     2 |     7 |    10 |    11 |    17 |    20 ||    67
       Distracted        |       |       |       |     1 |     4 |       ||     5
  Eat: Chunk             |     2 |    12 |    18 |    12 |    23 |    21 ||    88
       Ration            |       |     1 |     2 |     4 |     2 |     5 ||    14
Armor: Robe              |    15 |    97 |   109 |    29 |       |       ||   250
       Skin              |    10 |       |       |       |       |       ||    10
       Chain mail        |       |       |       |   104 |   258 |   378 ||   740
Dodge: Dodged            |    85 |   271 |   212 |   265 |   260 |   452 ||  1545
Block: Buckler           |       |       |       |    43 |   283 |   511 ||   837
